Map: Eternal Empire LE

Players

Kelazhur - Winner!

  • Race: Terran Terran
  • League: Master
  • Spawn Location: 7:00

TheZergLord

  • Race: Zerg Zerg
  • League: Grandmaster
  • Spawn Location: 1:00

Event: DreamHack SC2 Masters 2020 Fall

VOD

Have the link to the VOD?

Description

Time

  • Played on: Aug. 27, 2020, 5:08 p.m.
  • Length: 10:11

All games in this series

Show
View Real Time Build Order
Export as new Build Order

Kelazhur Terran - Winner!

Build Orders: Reaper Expand, Banshee Rush 

Get SALT Encoding   

  12  0:00  SCV  
  13  0:12  SCV  
  14  0:17  Supply Depot  
  14  0:24  SCV  
  15  0:38  SCV  
  15  0:40  Barracks  
  16  0:44  Refinery  
  16  0:50  SCV  
  17  1:03  SCV  
  18  1:15  SCV  
  19  1:27  Orbital Command  
  19  1:28  Reaper  
  20  1:39  Command Center  
  20  1:46  Supply Depot  
  20  1:53  SCV  
  21  2:00  Marine  
  22  2:05  Factory  
  22  2:06  SCV  
  23  2:11  Refinery  
  23  2:18  SCV  
  24  2:22  Barracks Reactor  
  24  2:31  SCV  
  25  2:43  SCV  
  26  2:52  Starport  
  26  2:53  Orbital Command  
  26  2:55  SCV  
  27  3:04  Hellion x2  
  31  3:07  SCV  
  31  3:08  Barracks Tech Lab  
  32  3:14  Supply Depot  
  32  3:19  SCV  
  33  3:20  SCV  
  33  3:25  Hellion x2  
  38  3:31  SCV  
  39  3:34  SCV  
  39  3:35  Banshee, Cloaking Field  
  39  3:41  Supply Depot  
  43  3:43  SCV  
  43  3:48  SCV  
  45  3:55  SCV  
  45  4:00  SCV  
  46  4:07  Command Center, SCV  
  47  4:12  SCV  
  48  4:18  Banshee  
  48  4:20  SCV  
  52  4:24  SCV  
  52  4:26  Barracks, Factory Reactor  
  52  4:27  Barracks Tech Lab  
  52  4:28  Barracks  
  53  4:32  SCV  
  53  4:38  SCV  
  55  4:39  Engineering Bay x2  
  55  4:41  Refinery  
  55  4:46  Supply Depot  
  56  4:52  SCV  
  56  4:54  Marine  
  56  4:55  Stimpack, Refinery  
  56  4:57  SCV  
  58  5:04  SCV  
  59  5:07  Terran Infantry Armor Level 1, Terran Infantry Weapons Level 1  
  59  5:14  SCV  
  59  5:15  Marine x3  
  59  5:19  SCV  
  64  5:22  Orbital Command  
  64  5:24  Starport Reactor  
  64  5:26  SCV, Marine x2  
  65  5:30  Siege Tank  
  65  5:31  SCV  
  65  5:34  Marine x2  
  71  5:38  SCV  
  71  5:42  Marine  
  73  5:43  SCV  
  73  5:44  Marine x2  
  77  5:50  Orbital Command, SCV  
  77  5:51  Marine  
  77  5:52  Marine  
  77  5:55  Barracks, SCV, Supply Depot  
  80  5:57  Barracks  
  80  6:01  Marine  
  80  6:02  Marine x2  
  80  6:03  Siege Tank, SCV  
  81  6:07  Medivac x2  
  85  6:14  Supply Depot  
  85  6:17  SCV x2  
  85  6:18  Armory  
  87  6:21  SCV  
  88  6:26  Marine x3  
  88  6:27  Marine  
  88  6:28  Supply Depot  
  88  6:29  SCV  
  93  6:36  SCV x2, Marine  
  93  6:37  Combat Shield  
  96  6:41  SCV  
  97  6:48  SCV x2  
  97  6:49  Medivac x2  
  97  6:50  Marine x3  
  97  6:51  Barracks Reactor x2  
  97  6:53  SCV  
  107  6:55  Supply Depot  
  107  6:57  Supply Depot  
  107  6:58  Supply Depot, Marine  
  107  7:00  SCV  
  109  7:12  Terran Infantry Weapons Level 2  
  109  7:16  Marine  
  109  7:17  Factory, SCV x3, Supply Depot, Marine  
  109  7:18  Refinery, Marine x3  
  114  7:28  Terran Infantry Armor Level 2  
  114  7:29  SCV, Marine  
  116  7:32  Marine x3  
  116  7:34  Marine x2  
  118  7:39  Marine  
  118  7:41  SCV  
  116  7:46  Medivac x2  
  116  7:47  SCV x2  
  116  7:49  Marine  
  116  7:50  Command Center  
  123  7:52  Marine  
  123  7:55  Marine  
  127  7:58  Widow Mine  
  127  8:03  Factory Reactor, Supply Depot  
  127  8:07  Sensor Tower, Marine x7  
  127  8:08  Supply Depot  
  127  8:09  Marine  
  135  8:13  Marine  
  136  8:20  Supply Depot  
  136  8:22  Medivac x2  
  136  8:25  Supply Depot x2, Marine x2  
  142  8:28  Marine x4  
  142  8:29  Marauder, Marine  
  142  8:33  Drilling Claws, Widow Mine  
  149  8:40  Supply Depot  
  149  8:43  Marine  
  150  8:49  Marine  
  150  8:50  Marine x6  
  150  8:52  Medivac x2  
  157  9:04  Widow Mine, Thor  
  157  9:05  Widow Mine  
  157  9:09  Marine x4  
  170  9:10  Marauder, Marine x4  
  170  9:13  SCV  
  178  9:18  Missile Turret  
  171  9:27  Marine x3  
  171  9:28  Marine  
  151  9:32  Marine x2  
  151  9:33  Marine x3  
  151  9:34  Medivac  
  151  9:35  Medivac  
  151  9:36  Widow Mine x2  
  147  9:43  SCV x2  
  147  9:44  SCV  
  147  9:45  Marine x4  
  151  9:50  Marine x2  
  151  9:52  Marine x3  
  159  9:55  SCV  
  161  10:05  Barracks  
  161  10:08  Barracks  
Show
View Real Time Build Order
Export as new Build Order

TheZergLord Zerg 

Build Orders: Hatch First, Muta Ling Bane 

Get SALT Encoding   

  12  0:01  Drone  
  13  0:12  Overlord  
  13  0:17  Drone  
  14  0:30  Drone  
  14  0:31  Drone  
  16  0:49  Hatchery  
  15  0:53  Drone  
  15  0:56  Drone  
  17  0:59  Drone  
  18  1:11  Extractor  
  17  1:15  Spawning Pool  
  17  1:18  Drone  
  17  1:22  Drone  
  18  1:30  Drone  
  19  1:40  Drone  
  20  1:50  Overlord  
  20  2:02  Queen x2  
  20  2:03  Zergling x4  
  26  2:11  Drone  
  26  2:12  Drone  
  28  2:24  Hatchery  
  27  2:32  Metabolic Boost  
  27  2:38  Drone x3  
  31  2:44  Drone  
  31  2:47  Queen  
  32  2:54  Overlord  
  32  2:56  Drone  
  33  2:59  Drone  
  33  3:04  Drone  
  35  3:10  Overlord  
  35  3:14  Drone x3  
  35  3:15  Drone  
  39  3:23  Drone, Queen  
  39  3:27  Zergling x2  
  43  3:34  Overlord  
  43  3:36  Queen  
  43  3:37  Drone x2  
  47  3:44  Drone x2  
  47  3:45  Drone x2  
  51  3:56  Overlord  
  51  3:57  Drone x2  
  51  3:59  Drone x2  
  51  4:00  Drone x2  
  56  4:03  Zergling x2  
  56  4:08  Queen, Overlord  
  59  4:14  Queen  
  61  4:17  Drone x4  
  61  4:20  Baneling Nest  
  61  4:22  Zergling x2  
  65  4:25  Overlord  
  65  4:30  Zergling x4  
  67  4:33  Spore Crawler  
  67  4:34  Spore Crawler x2  
  67  4:35  Drone x2  
  66  4:38  Spore Crawler  
  66  4:40  Overlord  
  66  4:43  Drone  
  66  4:47  Drone x2  
  66  4:48  Lair  
  66  4:50  Extractor  
  66  4:52  Extractor  
  64  4:56  Drone x5  
  69  5:02  Drone x4  
  69  5:07  Drone x3  
  76  5:15  Drone x2  
  76  5:19  Evolution Chamber  
  76  5:20  Overlord  
  77  5:22  Drone x4, Evolution Chamber  
  77  5:23  Drone x2  
  77  5:27  Drone x3  
  85  5:31  Extractor x2  
  85  5:33  Drone x2  
  85  5:34  Drone, Extractor  
  85  5:42  Drone  
  86  5:43  Drone  
  86  5:48  Spire, Centrifical Hooks  
  84  5:51  Drone x2  
  84  5:52  Overseer  
  84  5:59  Drone x2  
  84  6:00  Drone x3  
  87  6:11  Hatchery  
  87  6:12  Drone x2, Zerg Ground Armor Level 1, Hatchery  
  87  6:19  Zerg Melee Weapons Level 1  
  87  6:20  Zergling x10  
  92  6:27  Baneling x7  
  92  6:29  Baneling  
  92  6:33  Zergling x6  
  92  6:34  Zergling x4  
  97  6:46  Overlord x4  
  97  6:59  Zergling x2  
  98  7:05  Zergling x2  
  98  7:06  Zergling x14  
  106  7:10  Baneling x7  
  106  7:11  Baneling x2  
  106  7:15  Zergling x8  
  109  7:16  Zergling x6  
  113  7:24  Zergling x12  
  113  7:25  Queen  
  113  7:39  Zergling x2  
  113  7:40  Zergling x22  
  113  7:44  Zergling x2  
  114  7:51  Mutalisk x5  
  114  7:56  Overlord x2  
  124  7:59  Pneumatized Carapace  
  123  8:14  Queen  
  123  8:19  Drone x6  
  132  8:20  Drone x2  
  132  8:21  Overlord x3  
  132  8:22  Overlord  
  132  8:23  Overlord  
  133  8:31  Baneling  
  133  8:32  Baneling x6  
  118  8:36  Mutalisk x2  
  118  8:37  Mutalisk x2  
  126  8:45  Zergling x2  
  126  8:46  Zergling x16  
  133  8:50  Hatchery  
  129  8:58  Zergling x2  
  129  8:59  Zergling x24  
  138  9:10  Baneling x9  
  138  9:11  Baneling x3  
  138  9:14  Zergling x6  
  138  9:15  Zergling x2  
  138  9:16  Hatchery  
  111  9:32  Zergling x10  
  111  9:33  Zergling x14  
  117  9:42  Baneling x3  
  117  9:43  Baneling x4  
  112  9:54  Baneling x2  
  112  9:55  Baneling  

Tags
 
Add a new tag
Caveats
  • Supply blocks, unpowered buildings, or Contaminate may cause inaccurate times.
  • Supply counts are checked every 10 seconds.